 Dungeon Crawl Stone Soup version 0.28.0-53-g5a82cb258f (webtiles) character file.

Game seed: 16569284668178574235

16 gobodom the Stinger (level 2, -3/19 HPs)
             Began as a Demonspawn Venom Mage on June 21, 2022.
             Slain by Terence
             ... wielding a +0 mace
              (11 damage)
             ... on level 2 of the Dungeon.
             The game lasted 00:02:49 (1126 turns).

gobodom the Stinger (Demonspawn Venom Mage)         Turns: 1126, Time: 00:02:50

Health: -3/19      AC:  2    Str:  8    XL:     2   Next: 37%
Magic:  1/5        EV: 12    Int: 16    God:
Gold:   52         SH:  0    Dex: 13    Spells: 4/5 levels left

rFire   . . .      SeeInvis .   d - +0 short sword
rCold   . . .      Faith    .   (no shield)
rNeg    . . .      Spirit   .   a - +0 robe
rPois   .          Reflect  .   (helmet restricted)
rElec   .          Harm     .   (no cloak)
rCorr   .          Rampage  .   (no gloves)
Will    .....                   (no boots)
Stlth   ++........              (no amulet)
HPRegen 0.06/turn               (no ring)
MPRegen 0.09/turn               (no ring)

@: no status effects
A: antennae 1
a: no special abilities


You were on level 2 of the Dungeon.
You visited 1 branch of the dungeon, and saw 2 of its levels.

You collected 52 gold pieces.

Inventory:

Hand Weapons
 d - a +0 short sword (weapon)
Armour
 a - a +0 robe (worn)
Scrolls
 b - a scroll of fog {unknown}
 c - a scroll of noise {unknown}


   Skills:
 + Level 1.8 Dodging
 + Level 1.8 Stealth
 + Level 2.3 Spellcasting
 + Level 1.2 Transmutations
 + Level 3.2 Poison Magic


You had 4 spell levels left.
You knew the following spells:

 Your Spells              Type           Power      Damage    Failure   Level
a - Sting                 Tmut/Pois      36%        1d4       9%          1

Your spell library contained the following spells:

 Spells                   Type           Power      Damage    Failure   Level
 Poisonous Vapours        Pois/Air       14%        N/A       16%         2
 Mephitic Cloud           Conj/Pois/Air  5%         N/A       36%         3
 Olgreb's Toxic Radiance  Pois           12%        N/A       45%         4


Dungeon Overview and Level Annotations

Branches:
Dungeon (2/15)

Altars:

Annotations:
D:2 Terence


Innate Abilities, Weirdness & Mutations

You have a pair of small antennae on your head.


Message History

The sting hits the kobold.
The kobold is poisoned.
The kobold is moderately wounded.
You hit the kobold.
The kobold is severely wounded.
You kill the kobold!
Things that are here:
a +0 short sword; a kobold corpse You now have 52 gold pieces (gained 17).
Magic restored.
Things that are here:
a +0 short sword; a kobold corpse
There is a stone staircase leading down here.
Done exploring.
There is a stone staircase leading down here.
You climb downwards.
Terence shouts!
There is a stone staircase leading up here.
The sting hits Terence but does no damage.
Terence is poisoned.
The sting hits Terence.
Terence looks even sicker.
Terence is lightly wounded.
Terence drinks a potion.
Terence goes berserk!
The sting hits Terence but does no damage.
Terence looks even sicker.
Terence is moderately wounded.
Terence rages.
You hear an angry hiss.
Terence barely misses you.
The sting hits Terence but does no damage.
Terence looks as sick as possible!
Terence is heavily wounded.
Terence hits you with a +0 mace!
A ball python comes into view.
Terence hits you with a +0 mace.
You are too injured to fight recklessly!
You barely miss Terence.
Terence is severely wounded.
Terence hits you with a +0 mace!
Ouch! That really hurt!
You die...

#. ....#. #..
.....
#..##.#.#####
#...........
.........
#.#.#.#.#S####.#.
.......<.........#
..#.#.#.#S####...#
# #.#.@@.....#
#.#..####..#
#.#..# #.#..#
#.#..# #.#..# ####


You could see Terence (berserk, very poisoned) and a ball python.

Vanquished Creatures
  2 endoplasms (D:1)
  A goblin (D:1)
  A hobgoblin (D:1)
  2 quokkas (D:1)
  2 ball pythons (D:1)
  2 bats (D:1)
  2 frilled lizards (D:1)
  4 kobolds (D:1)
16 creatures vanquished.

Notes
Turn   | Place    | Note
-------+----------+-------------------------------------------
     0 | D:1      | gobodom the Demonspawn Venom Mage began the quest for the
                  | Orb.
     0 | D:1      | Reached XP level 1. HP: 13/13 MP: 3/3
   107 | D:1      | Reached skill level 1 in Transmutations
   403 | D:1      | Gained mutation: You have a pair of small antennae on your
                  | head. [demonic ancestry]
   403 | D:1      | Reached XP level 2. HP: 17/19 MP: 0/5
  1117 | D:2      | Noticed Terence
  1126 | D:2      | Slain by Terence

Illustrated notes

Levels and vault maps discovered:
D:1:      tarquinn_simple_flora_water_f, layout_loops_ring
D:2:      layout_basic, ebering_ecumenical_altar_mist, basic_altar,
          minmay_fractal_squares_5, uniq_terence

Skill      XL: |  1 |
---------------+----+-----
Transmutations | 1 |  1.2
Dodging        | |  1.8
Stealth        | |  1.8
Spellcasting   | |  2.3
Poison Magic   | |  3.2

Action                   || total
-------------------------++-------
Melee: Unarmed           ||    14
       Dagger            ||    11
       Short sword       ||    13
 Cast: Sting             ||    21
Armor: Robe              ||    11
Dodge: Dodged            ||    19
